[Event "4NCL Spring GM Round Robin 2024"]
[Site "Peterborough"]
[Date "2024.03.26"]
[Round "7.3"]
[White "Cherniaev, Alexander"]
[Black "Kalavannan, Koby"]
[Result "1/2-1/2"]
[ECO "E62"]
[WhiteElo "2375"]
[BlackElo "2324"]
[Annotator "RC"]
[PlyCount "194"]
[EventDate "2024.03.22"]
[EventType "tourn"]
[EventCountry "ENG"]
[SourceTitle "playchess.com"]
[Source "ChessBase"]
[SourceQuality "1"]
[TimeControl "5400+30"]

1. d4 Nf6 2. c4 g6 3. g3 Bg7 4. Bg2 O-O 5. Nf3 d6 6. O-O Nc6 7. d5 Nb8 8. Nc3 e5 9. e4 a5 10. Bg5 h6 11. Bd2 Na6 12. Nh4 Nc5 13. Re1 g5 14. Nf3 Bg4 15. Qc2 Qd7 16. Kh1 Bh5 17. Ng1 c6 18. Be3 cxd5 19. Bxc5 d4 20. Ba3 dxc3 21. Qxc3 Rfc8 22. Qd3 Qa4 23. Rac1 Ra6 24. Ne2 Rac6 25. Nc3 Qxc4 26. Qxc4 Rxc4 27. Bxd6 Ne8 28. Ba3 b5 29. Bf1 b4 30. Bxc4 Rxc4 31. Nb5 Rxc1 32. Rxc1 Be2 33. Bxb4 axb4 34. a4 bxa3 35. Nxa3 Nd6 36. b4 Bf8 37. b5 Nxb5 38. Nxb5 Bxb5 39. h3 g4 40. hxg4 Be2 41. Kg2 Bxg4 42. f3 Be6 43. Rh1 Kh7 44. g4 Be7 45. Rh5 Bg5 46. Rh1 Kg7 47. Rh5 Kf8 48. Rh1 Ke7 49. Kf2 Bc4 50. Kg3 Kd6 51. Rd1+ Kc5 52. Rd7 Kb4 53. Kf2 Kc3 54. Rc7 Bh4+ 55. Ke3 Be1 56. Rc8 Bd2+ 57. Kf2 Kb3 58. Rb8+ Bb4 59. Rh8 Bc5+ 60. Kg2 Be3 61. Rd8 Kc3 62. Rd6 Bg5 63. Kf2 Bd3 64. Rd7 Bh4+ 65. Ke3 Bg5+ 66. Kf2 f6 67. Ra7 Kd2 68. Ra2+ Bc2 69. Ra6 Bh4+ 70. Kg2 Ke3 71. Ra3+ Kf4 72. Ra1 Bd3 73. Rh1 Bg5 74. Kf2 Bxe4 75. fxe4 Kxg4 76. Ra1 Kf4 77. Ra4 Bh4+ 78. Kg2 Be1 79. Ra6 Bh4 80. Ra4 Bg5 81. Kh3 Kf3 82. Rc4 h5 83. Ra4 Ke3 84. Kg2 Ke2 85. Ra2+ Kd3 86. Ra4 Ke3 87. Rc4 Kf4 88. Kh3 Kf3 89. Ra4 Be3 90. Ra6 Bg5 91. Ra4 Be3 92. Ra6 Bf4 93. Rxf6 Kxe4 94. Kh4 Kf3 95. Re6 e4 96. Rxe4 Bg3+ 97. Kxh5 Kxe4 1/2-1/2

[Event "4NCL Spring GM Round Robin 2024"]
[Site "Peterborough"]
[Date "2024.03.26"]
[Round "7.4"]
[White "Agdelen, Huseyin Can"]
[Black "Makkar, Rajat"]
[Result "1/2-1/2"]
[ECO "C68"]
[WhiteElo "2408"]
[BlackElo "2434"]
[Annotator "TA"]
[PlyCount "112"]
[EventDate "2024.03.22"]
[EventType "tourn"]
[EventCountry "ENG"]
[SourceTitle "playchess.com"]
[Source "ChessBase"]
[SourceQuality "1"]
[TimeControl "5400+30"]

1. e4 e5 2. Nf3 Nc6 3. Bb5 a6 4. Bxc6 dxc6 5. O-O Bg4 6. h3 Bh5 7. g4 Bg6 {[%emt 0:00:26] C68: Ruy Lopez: Exchange Variation, sidelines.} 8. Nxe5 Ne7 {[%emt 0:00:19] 8...Bd6 is becoming the main line.} 9. d3 h5 10. Bf4 hxg4 11. hxg4 f6 12. Nc4 Qd7 13. Nc3 $146 ({Predecessor:} 13. Nbd2 Bf7 14. Bg3 Be6 15. Ne3 O-O-O 16. Kg2 g6 17. Rh1 Bg7 18. Qe2 Qd4 19. b3 {½-½ Rosner,J (2412)-Buecker,S (2280) Baden-ch Sasbach 2018 (6)}) 13... Bf7 14. Kg2 O-O-O 15. Ne3 Be6 16. Bg3 g6 17. Qf3 f5 18. Rh1 fxg4 (18... Bg7 $14) 19. Qf6 Rh3 $1 20. Qe5 (20. Rxh3 $14 gxh3+ 21. Kg1) 20... Ng8 21. Na4 Qf7 22. Qf4 Qxf4 (22... Bxa2 $2 {too greedy.} 23. b3 (23. Qxg4+ Be6 $16) (23. Nxg4 Rxh1 24. Rxh1 Bd6 $16) 23... Qxf4 24. Bxf4 Rxh1 25. Rxh1 $18) (22... Nf6 $15 {is superior.} 23. e5 Rxh1 24. Rxh1 Nh5 25. Qxf7 Bxf7) 23. Bxf4 $11 Be7 24. Nc3 Rf8 25. Ne2 Nf6 26. Bh6 $1 Rh8 27. Bg7 Rxh1 28. Rxh1 Rxh1 29. Kxh1 Nh5 30. Be5 Bd6 31. Bxd6 cxd6 32. a3 b5 33. Kg2 Kd8 34. f3 gxf3+ 35. Kxf3 Ke7 36. Nf4 Nxf4 37. Kxf4 Kf6 38. Nf1 g5+ 39. Ke3 d5 40. Ng3 a5 41. b4 a4 42. Kd4 dxe4 43. Nxe4+ Kf5 44. c4 Kf4 45. Nxg5 Kxg5 46. Kc5 Bd7 47. d4 Be8 48. d5 bxc4 49. Kxc4 Bf7 50. b5 Bxd5+ (50... cxd5+ 51. Kc5 Be6 52. b6 $15) 51. Kc5 cxb5 52. Kxb5 Bb3 53. Kb4 Kf4 54. Kc3 $1 Ke3 55. Kb2 $1 Kd2 56. Ka1 Kc1 1/2-1/2

[Event "4NCL Spring GM Round Robin 2024"]
[Site "Peterborough"]
[Date "2024.03.26"]
[Round "7.5"]
[White "Wadsworth, Matthew J"]
[Black "Royal, Shreyas"]
[Result "1/2-1/2"]
[ECO "A07"]
[WhiteElo "2450"]
[BlackElo "2457"]
[Annotator "ChessBase"]
[PlyCount "227"]
[EventDate "2024.03.22"]
[EventType "tourn"]
[EventCountry "ENG"]
[SourceTitle "playchess.com"]
[Source "ChessBase"]
[SourceQuality "1"]
[TimeControl "5400+30"]

1. Nf3 d5 2. g3 Bg4 3. Bg2 c6 4. h3 Bh5 5. d4 e6 6. O-O Nf6 7. c4 Nbd7 8. cxd5 exd5 9. Ne5 Ne4 10. Nc3 Nxc3 11. bxc3 f6 12. g4 fxe5 13. gxh5 Bd6 14. Rb1 O-O 15. e4 Nb6 16. a4 dxe4 17. a5 Nd5 18. Rxb7 Qc8 19. a6 Kh8 20. h6 gxh6 21. dxe5 Bxe5 22. Qh5 Qe6 23. Qxh6 Qxh6 24. Bxh6 Rg8 25. Kh1 Nxc3 26. Bd2 Rad8 27. Bxc3 Bxc3 28. Rxa7 Ra8 29. Rxa8 Rxa8 30. Rc1 Bd4 31. Rxc6 Bxf2 32. Bxe4 Re8 33. Kg2 Bd4 34. Kf3 Re7 35. h4 Kg7 36. h5 Rf7+ 37. Ke2 Rf6 38. Rc7+ Rf7 39. Rc4 Bg1 40. Rc6 Rf6 41. Rc7+ Rf7 42. Rc1 Bd4 43. Kd3 Bf2 44. Bd5 Rf5 45. Rc7+ Kh6 46. Ke4 Rxh5 47. a7 Bxa7 48. Rxa7 Rg5 49. Be6 Kg6 50. Ra6 Rg1 51. Bd5+ Kg5 52. Ke5 Rf1 53. Be4 Rf7 54. Re6 Ra7 55. Re8 Kh6 56. Bf5 Kg7 57. Be6 h5 58. Rg8+ Kh7 59. Kf6 Ra6 60. Rg5 Kh6 61. Rg6+ Kh7 62. Kg5 Ra1 63. Rf6 Rg1+ 64. Kxh5 Rh1+ 65. Kg5 Rg1+ 66. Bg4 Kg7 67. Ra6 Rf1 68. Rh6 Ra1 69. Rh2 Rf1 70. Rh3 Rg1 71. Rf3 Ra1 72. Rb3 Rf1 73. Rb2 Rf7 74. Bf5 Ra7 75. Rh2 Ra6 76. Rh7+ Kf8 77. Bg6 Ra5+ 78. Kh6 Ra1 79. Rf7+ Kg8 80. Re7 Rf1 81. Kg5 Kf8 82. Rc7 Ra1 83. Rf7+ Kg8 84. Rb7 Kf8 85. Bd3 Rc1 86. Kf6 Rc6+ 87. Ke5 Rc5+ 88. Kd6 Rc1 89. Bf5 Rf1 90. Ke6 Rd1 91. Kf6 Ke8 92. Rc7 Rd2 93. Rc1 Rd6+ 94. Be6 Rd2 95. Rc7 Rf2+ 96. Ke5 Kf8 97. Bf5 Ke8 98. Kf6 Rd2 99. Rg7 Kd8 100. Be6 Rd1 101. Ke5 Ke8 102. Bd5 Rf1 103. Kd6 Rf2 104. Rg8+ Rf8 105. Rg4 Rf2 106. Rg7 Rf1 107. Bb3 Rf2 108. Bc4 Rf6+ 109. Ke5 Rb6 110. Be6 Kd8 111. Rd7+ Kc8 112. Kd5 Kb8 113. Bg4 Rb2 114. Rg7 1/2-1/2

[Event "4NCL Spring GM Round Robin 2024"]
[Site "Peterborough"]
[Date "2024.03.27"]
[Round "8.1"]
[White "Gumularz, Szymon"]
[Black "Royal, Shreyas"]
[Result "1-0"]
[ECO "D02"]
[WhiteElo "2590"]
[BlackElo "2457"]
[Annotator "TA"]
[PlyCount "77"]
[EventDate "2024.03.22"]
[EventType "tourn"]
[EventCountry "ENG"]
[SourceTitle "playchess.com"]
[Source "ChessBase"]
[SourceQuality "1"]
[TimeControl "5400+30"]

1. Nf3 d5 2. g3 Nd7 3. d4 Nb6 4. Nbd2 Bf5 5. Nh4 Bg4 6. h3 Bh5 7. Ng2 e6 8. Nf4 {[%emt 0:00:13] White is slightly better.} Bg6 9. Bg2 Nf6 10. Nxg6 hxg6 11. e4 dxe4 12. Nxe4 Nxe4 13. Bxe4 c6 14. c3 Bd6 15. Qe2 Qc7 16. Bd2 O-O-O 17. a4 Nd7 (17... a6 $14 {feels stronger.}) 18. a5 (18. Bg2 $16) 18... a6 19. Bg2 e5 20. O-O Rde8 {[%emt 0:00:37] White leaves nothing to chance now.} (20... Rhe8 $14) 21. d5 $16 cxd5 {[%emt 0:07:20] [#]} (21... e4 $142) 22. c4 $1 e4 (22... Nf6 23. Rfc1) 23. cxd5 Kb8 (23... Kd8 {was called for.} 24. Rfc1 (24. Bxe4 Nc5 $17) 24... Qb8 25. Bg5+ (25. Bxe4 f5 $17) 25... f6) 24. Rac1 $18 (24. Bxe4 $2 Nf6 (24... Rxh3 25. Rac1 $14) (24... Nc5 $2 25. Rfc1 $19) 25. Rac1 (25. Ra4 $2 Qd7 $19) 25... Rxe4 $19) 24... Qd8 {[%emt 0:00:25] [#]} 25. b4 {[%emt 0:00:11][%cal Ob4b5] Wards off Nc5. And now b5! would win.} (25. Bxe4 $2 f5 (25... Rxh3 26. Qg4 $16) 26. Rfe1 Rxe4 $19) 25... f5 $2 (25... Rh5 26. b5 (26. Bxe4 $2 {loses.} f5 $19) 26... axb5 27. Qxb5 (27. Bxe4 Nc5 $17) 27... Nf6) 26. b5 Nc5 27. bxa6 Nxa6 28. Rb1 Ka8 {[%emt 0:00:50] [#]} (28... Nc5 $142 29. Rb6 Re7) 29. Rxb7 $3 Kxb7 (29... Nc5 30. Rb6) 30. Qb5+ Ka7 31. Be3+ Bc5 32. Bxc5+ Nxc5 33. Qxc5+ Ka8 34. Qc6+ Ka7 35. Rb1 (35. Qxg6 Qf6 36. Qxf6 gxf6 $16) 35... Re7 {[%emt 0:03:04] Wards off Qb7+} 36. d6 {[%emt 1:05:07] White mates.} ({Weaker is} 36. Qxg6 Qxd5 37. Rc1 (37. Qb6+ Ka8 $14) 37... Qe6 $11) 36... Rd7 37. Bf1 Qc8 38. Qb6+ Ka8 39. Bb5 {[%emt 0:00:00] Weighted Error Value: White=0.13 (very precise) /Black=0.51.  Mistake:       	White=1     	Black=6      Inaccurate:     	White=2     	---        OK:         	White=8     	Black=6      Best:        	White=1     	---        Brilliant:      	White=2     	---} 1-0

[Event "4NCL Spring GM Round Robin 2024"]
[Site "Peterborough"]
[Date "2024.03.27"]
[Round "8.2"]
[White "Makkar, Rajat"]
[Black "Wadsworth, Matthew J"]
[Result "1-0"]
[ECO "A11"]
[WhiteElo "2434"]
[BlackElo "2450"]
[Annotator "TA"]
[PlyCount "75"]
[EventDate "2024.03.22"]
[EventType "tourn"]
[EventCountry "ENG"]
[SourceTitle "playchess.com"]
[Source "ChessBase"]
[SourceQuality "1"]
[TimeControl "5400+30"]

1. c4 c6 2. Nf3 d5 3. g3 g6 4. Bg2 Bg7 5. O-O Nf6 6. b3 Ne4 7. d4 O-O 8. Bb2 a5 9. Nc3 Nxc3 10. Bxc3 b5 11. Ne5 Be6 (11... dxc4 $11 12. bxc4 b4) 12. cxb5 cxb5 13. Qd2 Qb6 14. Rac1 b4 {[%emt 0:04:16][%cal Og7e5] [#] White must now prevent ...Bxe5!} 15. Bb2 a4 16. e4 a3 (16... Qb7 $14) 17. Ba1 $16 {[%emt 0:00:02] White is more active. White stays focused until the end.} Ra5 {[%emt 0:00:21] [#]} 18. exd5 $1 Rxd5 (18... Bxd5 $16 {might work better.} 19. Nc4 Bxc4 20. Rxc4 Rb5) 19. Nc4 $18 Qb5 20. Bxd5 Bxd5 21. Ne3 {[%emt 0:00:27] aiming for Rc5.} Ba8 (21... Bh6 {was worth a try.} 22. f4 e6 23. Nxd5 exd5) 22. Rc4 Nc6 23. d5 Bxa1 (23... Ne5 $142 24. Qxb4 (24. Rxb4 $2 Nf3+ 25. Kg2 Nxd2 $19) (24. Bxe5 Bxe5 25. Qxb4 Qd7 $18) 24... Qd7 25. Bxe5 Bxe5 26. Qxa3 Rd8) 24. dxc6 Bc3 25. Qd7 e6 26. Rd1 Qh5 27. Ng4 {[%emt 0:08:07] c7 would now be deadly.} Kg7 28. Qc7 Qf5 29. Rf4 Qc2 30. Rd7 Bf6 31. Ne5 (31. Rxb4 $2 Qc1+ (31... Qxa2 32. Nxf6 Qb1+ 33. Kg2 $18) 32. Kg2 Bxc6+ 33. f3 Qb2+ 34. Kh3 Bxf3 $19 (34... Bxd7 $2 35. Qxd7 Rd8 36. Qb7 $19)) 31... Qc1+ 32. Kg2 Bxe5 33. Rdxf7+ {[%emt 0:00:40] White mates.} (33. Qxe5+ Kg8 34. Rc7 (34. Rxb4 $2 Qxc6+ 35. f3 Qxd7 $19) 34... Bxc6+ 35. Kh3 Qb2 $11) 33... Rxf7 34. Qxf7+ ({Weaker is} 34. Rxf7+ Kg8 $11) 34... Kh6 35. Qf8+ (35. Rxb4 $2 {is the wrong capture.} Bxc6+ (35... Qxc6+ 36. f3 $17) 36. Kh3 Qf1+ 37. Kg4 Bd6 38. Qxe6 Bxb4 $19) 35... Kg5 36. h4+ Kh5 37. g4+ Kxh4 38. Qh6# {[%emt 0:00:08] Weighted Error Value: White=0.26 (precise) /Black=0.79.  Mistake:       	---       	Black=5      Inaccurate:     	---       	Black=3      OK:         	White=7     	Black=4      Best:        	White=2     	---        Strong:       	White=1     	---} 1-0

[Event "4NCL Spring GM Round Robin 2024"]
[Site "Peterborough"]
[Date "2024.03.27"]
[Round "8.3"]
[White "Kalavannan, Koby"]
[Black "Agdelen, Huseyin Can"]
[Result "0-1"]
[ECO "E04"]
[WhiteElo "2324"]
[BlackElo "2408"]
[Annotator "TA"]
[PlyCount "66"]
[EventDate "2024.03.22"]
[EventType "tourn"]
[EventCountry "ENG"]
[SourceTitle "playchess.com"]
[Source "ChessBase"]
[SourceQuality "1"]
[TimeControl "5400+30"]

1. d4 Nf6 2. Nf3 d5 3. c4 e6 4. g3 dxc4 5. Bg2 a6 6. O-O Nc6 7. Re1 (7. e3 $14) 7... Rb8 8. e4 b5 9. Bg5 {[%emt 0:01:05] Black has an edge.} Be7 10. Nc3 h6 11. e5 $2 (11. Bf4 $15) 11... hxg5 $19 12. exf6 Bxf6 13. Nd5 Ne7 ({But not} 13... Qxd5 14. Ne5 Qd6 15. Bxc6+ Ke7 16. Bg2 $17) (13... Kf8 $19 14. Nxf6 gxf6) 14. Nxf6+ gxf6 15. h4 Bb7 16. hxg5 fxg5 17. Nxg5 Bxg2 18. Kxg2 Qd5+ 19. Nf3 Ng6 $40 {[%emt 0:00:50][%mdl 128] Prevents Re5. Threatens to win with ...Qf5. Black has strong attack.} 20. Re3 $2 (20. Qe2 {nothing else works.}) 20... Qf5 21. Ng1 {[%emt 0:00:00] [#] Wards off Qh3+} Rh2+ $3 22. Kxh2 Qxf2+ 23. Kh3 Qxe3 24. Nf3 (24. Qf3 $142 Qxd4 25. Qc6+ Qd7 26. Qxd7+ Kxd7 27. Nf3) 24... Ke7 25. Qf1 Rg8 {[%emt 0:01:18][%cal Og6f4] And now ...Nf4+! would win.} 26. Rd1 {[%emt 0:00:00] [#]} Nf4+ $1 27. Kh2 Ne2 28. Re1 Nxg3 29. Qg2 Qf4 30. Kg1 Rg4 {[%emt 0:00:48] ( -> ...Nf5)} 31. Ne5 Qxd4+ 32. Kh2 Rh4+ 33. Kxg3 Qf4# {[%emt 0:00:06] White got outplayed after the opening.   Weighted Error Value: White=1.36/Black=0.38.  Loses game:     	White=1     	---        Mistake:       	White=2     	Black=1      Inaccurate:     	White=2     	---        OK:         	White=2     	Black=6      Best:        	White=4     	Black=2      Brilliant:      	---       	Black=1} 0-1

[Event "4NCL Spring GM Round Robin 2024"]
[Site "Peterborough"]
[Date "2024.03.27"]
[Round "8.4"]
[White "Chow, Samuel"]
[Black "Cherniaev, Alexander"]
[Result "1-0"]
[ECO "E94"]
[WhiteElo "2356"]
[BlackElo "2375"]
[Annotator "RC"]
[PlyCount "139"]
[EventDate "2024.03.22"]
[EventType "tourn"]
[EventCountry "ENG"]
[SourceTitle "playchess.com"]
[Source "ChessBase"]
[SourceQuality "1"]
[TimeControl "5400+30"]

1. c4 g6 2. e4 Bg7 3. d4 d6 4. Nc3 Nf6 5. Nf3 O-O 6. Be2 Na6 7. O-O e5 8. Be3 Qe7 9. h3 exd4 10. Bxd4 Nxe4 11. Bxg7 Kxg7 12. Qd4+ Nf6 13. Nd5 Qd8 14. Ng5 Be6 15. Nxf6 Qxf6 16. Qxf6+ Kxf6 17. Nxh7+ Ke7 18. Nxf8 Rxf8 19. h4 Nb4 20. Rad1 c5 21. Rd2 Nc6 22. Rfd1 Nd4 23. Rxd4 cxd4 24. Rxd4 Rc8 25. g4 b5 26. b3 bxc4 27. Bxc4 d5 28. Bf1 Rh8 29. g5 Kd6 30. Kg2 a5 31. Ra4 Bd7 32. Rxa5 Rxh4 33. f3 Rh5 34. f4 Bh3+ 35. Kf2 Bxf1 36. Kxf1 Rh4 37. Ra6+ Kc5 38. Rf6 Kd4 39. Rxf7 Ke3 40. f5 Rh1+ 41. Kg2 Rh5 42. f6 Rxg5+ 43. Kf1 Kd2 44. a4 Rf5+ 45. Kg2 d4 46. b4 d3 47. b5 Kc3 48. b6 d2 49. Rd7 Rxf6 50. a5 Rf7 51. Rxd2 Kxd2 52. a6 Rf6 53. a7 Rxb6 54. a8=Q Rb3 55. Qd5+ Rd3 56. Qg5+ Kc3 57. Qxg6 Kd4 58. Kf2 Rd2+ 59. Kf3 Rd3+ 60. Kf4 Kc3 61. Ke4 Rd4+ 62. Ke3 Rc4 63. Qb6 Kc2 64. Qa5 Kb3 65. Kd3 Rb4 66. Qd5+ Kb2 67. Qc5 Kb3 68. Qa5 Ra4 69. Qc3+ Ka2 70. Kc2 1-0

[Event "4NCL Spring GM Round Robin 2024"]
[Site "Peterborough"]
[Date "2024.03.27"]
[Round "9.1"]
[White "Harvey, Marcus R"]
[Black "Gumularz, Szymon"]
[Result "1/2-1/2"]
[ECO "A20"]
[WhiteElo "2468"]
[BlackElo "2590"]
[Annotator "TA"]
[PlyCount "115"]
[EventDate "2024.03.22"]
[EventType "tourn"]
[EventCountry "ENG"]
[SourceTitle "playchess.com"]
[Source "ChessBase"]
[SourceQuality "1"]
[TimeControl "5400+30"]

1. c4 e5 2. g3 c6 3. Nf3 e4 4. Nd4 d5 5. cxd5 Qxd5 6. Nc2 {[%emt 0:00:05] A20: English Opening: 1...e5.} Nf6 7. Nc3 Qe5 8. Ne3 Bc5 9. Qc2 O-O 10. Bg2 Re8 11. b3 $146 ({Predecessor:} 11. O-O Na6 12. a3 Nc7 13. b4 Bd4 14. Bb2 Ncd5 15. Nc4 Qe6 16. Na4 Bxb2 17. Nc5 {0-1 Sternfeld,T (1592)-Khoury,T (1813) Wch U12 Batumi 2022 (7)}) 11... Na6 12. a3 Bxe3 13. dxe3 Bf5 14. b4 Qe6 15. Qa2 Qd7 16. O-O Bh3 17. Rd1 Qf5 18. Qd2 Nc7 19. Qe1 Bxg2 20. Kxg2 Ne6 21. h3 h5 22. Bb2 a5 23. Rab1 axb4 24. axb4 Red8 25. Qf1 Ng5 26. h4 Ne6 27. f3 {[%emt 0:00:59] [#]} (27. Ra1 $15) 27... Qg6 ({Black should try} 27... Rxd1 $1 $17 28. Rxd1 exf3+ 29. exf3 Qc2+ 30. Qf2 Qb3) 28. Ra1 {[%emt 0:03:21] [#]} ({Better is} 28. Nxe4 $15 Nxe4 29. fxe4) 28... Nc7 (28... exf3+ $1 $17 29. exf3 Qc2+ 30. Qf2 Qb3 (30... Qxf2+ 31. Kxf2 Rxa1 32. Rxd8+ Nxd8 33. Bxa1 $11) 31. Rxa8 Rxa8) 29. Nxe4 $11 (29. Rxa8 {is interesting.} Rxa8 30. Nxe4 Nxe4 31. fxe4 Ra2 32. Rd8+) 29... Nxe4 30. fxe4 Qxe4+ 31. Qf3 Qxf3+ 32. Kxf3 Rxd1 33. Rxd1 Ne6 34. Rd7 b5 35. Rd6 Rc8 36. Be5 Kf8 37. Rd7 Ke8 38. Ra7 Rd8 39. Ra6 Rd5 40. Ke4 Kd7 41. Ra7+ Ke8 42. Ra8+ Kd7 43. Ra7+ Ke8 44. Bd4 g6 45. Bf6 Rd2 46. Ke5 Rd5+ 47. Ke4 Rd2 48. Ra3 Rxe2 49. Ke5 Rd2 50. e4 Kd7 51. Ra7+ Nc7 52. Be7 Kxe7 53. Rxc7+ Kf8 54. Rxc6 Rb2 55. Kf6 Rf2+ 56. Ke5 Rb2 57. Kf6 Rf2+ 58. Ke5 1/2-1/2

[Event "4NCL Spring GM Round Robin 2024"]
[Site "Peterborough"]
[Date "2024.03.27"]
[Round "9.3"]
[White "Agdelen, Huseyin Can"]
[Black "Chow, Samuel"]
[Result "1/2-1/2"]
[ECO "C11"]
[WhiteElo "2408"]
[BlackElo "2356"]
[Annotator "TA"]
[PlyCount "112"]
[EventDate "2024.03.22"]
[EventType "tourn"]
[EventCountry "ENG"]
[SourceTitle "playchess.com"]
[Source "ChessBase"]
[SourceQuality "1"]
[TimeControl "5400+30"]

1. e4 e6 2. d4 d5 3. Nc3 Nf6 4. e5 Nfd7 5. f4 c5 6. Nf3 Nc6 7. Be3 a6 8. Ne2 Qb6 9. Qc1 Be7 10. g3 O-O 11. c3 cxd4 12. Nexd4 Nxd4 13. Bxd4 Bc5 14. Bd3 f5 15. Qd2 Bxd4 16. Nxd4 Nb8 17. O-O-O Nc6 18. Bc2 Nxd4 19. Qxd4 Qxd4 20. Rxd4 b5 21. Kd2 Bb7 22. a4 Bc6 23. Ra1 Rfb8 24. axb5 axb5 25. Rxa8 Rxa8 26. Ke3 Ra2 27. Rd2 d4+ 28. cxd4 (28. Kxd4 $6 Rxb2 29. c4 bxc4 $11 (29... Be4 $2 30. Kc3 $18)) 28... Bd5 (28... Rxb2 $2 29. Bxf5 Rb3+ (29... Rxd2 $2 30. Bxe6+ Kf8 31. Kxd2 $18) 30. Rd3 $18) 29. Bd1 b4 (29... Kf7 $16 {was called for.} 30. Bf3 Bc4) 30. Bf3 $1 $18 Bb3 31. d5 exd5 32. Kd4 $1 Ra5 33. Rd3 (33. g4 $6 fxg4 34. Bxg4 Kf7) 33... Bc4 34. Re3 $1 Ra2 $2 (34... b3 35. e6 Kf8) 35. e6 $18 (35. Bxd5+ Bxd5 36. Kxd5 Rxb2 $11) 35... Kf8 36. e7+ (36. Bxd5 Bxd5 37. Kxd5 Rxb2 $17) 36... Ke8 37. b3 (37. Bxd5 Bxd5 38. Kxd5 Rxb2 $11) 37... Rd2+ $2 (37... Bb5 {is a better defense.} 38. Bxd5 (38. Kxd5 Rc2 $16) 38... Rxh2) 38. Kc5 $18 Bd3 39. Bxd5 (39. Kxd5 Be4+ 40. Kc5 (40. Ke6 Bxf3 41. Rxf3 Rxh2 $16) 40... Bxf3 41. Rxf3 Rxh2 $11 (41... Kxe7 42. h4 $16)) 39... Be4 40. Bxe4 fxe4 41. Rxe4 Rxh2 42. Kd6 $2 (42. Rxb4 Rh5+ 43. Kc6 (43. Kd6 Rh6+ 44. Kc5 Rg6 $16) 43... Rh6+ 44. Kc7 Re6 $16) (42. Re3 h5 $16) (42. Kxb4 $18 Rh3 43. g4) 42... Rh6+ $2 {[%emt 0:01:17][%mdl 8192] [#]} (42... Rd2+ $1 $11 43. Kc5 Rd3) 43. Re6 $2 (43. Kd5 $1 $18) 43... Rh3 $16 44. Re3 h5 (44... Rh5 $16 {might work better.} 45. Re4 Rh6+ 46. Kc5 Rh3) 45. Ke6 $18 Rh1 {[%emt 0:00:26] [#]} 46. Kf5 $2 (46. Re4 $1 $18) 46... Rc1 $11 47. Re4 Rc3 48. Rxb4 Rxg3 49. Rb7 h4 50. b4 h3 51. b5 (51. Ke6 Rg6+ 52. Kf5 Rf6+ 53. Kg4 h2 54. Rb8+ Kxe7 55. Rb7+ Kd6 56. Rb6+ Kd7 (56... Kc7 {leads to mate.} 57. Rxf6 gxf6 58. Kh4 Kd6 59. Kg3 h1=Q 60. Kf2 Kd5 61. Ke3 Qh3+ 62. Kd2 Kd4 63. Kc2 Qc3+ 64. Kb1 Qb3+ 65. Kc1 Kd3 66. f5 Qc2#) 57. Rxf6 gxf6 (57... h1=R 58. Rg6 $16) 58. Kf3 h1=Q+ (58... h1=R 59. Ke4 Rb1 60. Kf5 Ke7 61. b5 Rxb5+ 62. Ke4 Ke6 63. Kd4 Rb4+ 64. Kd3 Rxf4 65. Ke2 Ke5 66. Kd3 Re4 67. Kc2 f5 68. Kd1 f4 69. Kc2 f3 70. Kd2 f2 71. Kc3 f1=Q 72. Kd2 Qf3 73. Kc1 Qf2 74. Kd1 Re1#) 59. Ke3 Qe1+ 60. Kd3 Qxb4 61. Ke3 Ke6 62. Kf3 Kf5 63. Kg3 Qb3+ (63... Qxf4+ 64. Kh3 Qg4+ 65. Kh2 Kf4 66. Kh1 Kf3 67. Kh2 Qg2#) 64. Kg2 Kxf4 (64... Qb1 65. Kg3 Ke4 66. Kg2 Kxf4 67. Kf2 Qc2+ 68. Kf1 Kf3 69. Kg1 Qg2#) 65. Kh2 Qc2+ 66. Kg1 Kf3 67. Kh1 Qg2#) 51... h2 52. Rb8+ Kxe7 53. Rh8 Rg2 54. b6 Kf7 55. b7 Rb2 56. Rxh2 Rxb7 1/2-1/2

[Event "4NCL Spring GM Round Robin 2024"]
[Site "Peterborough"]
[Date "2024.03.27"]
[Round "9.4"]
[White "Wadsworth, Matthew J"]
[Black "Kalavannan, Koby"]
[Result "1/2-1/2"]
[ECO "E92"]
[WhiteElo "2450"]
[BlackElo "2324"]
[Annotator "TA"]
[PlyCount "22"]
[EventDate "2024.03.22"]
[EventType "tourn"]
[EventCountry "ENG"]
[SourceTitle "playchess.com"]
[Source "ChessBase"]
[SourceQuality "1"]
[TimeControl "5400+30"]

1. c4 d6 2. Nc3 g6 3. d4 Bg7 4. Nf3 Nf6 5. e4 O-O 6. Be2 e5 7. d5 a5 8. Be3 Ng4 9. Bc1 Nf6 10. Be3 Ng4 11. Bc1 Nf6 {[%emt 0:00:02] A rather calm draw.   Weighted Error Value: White=0.39/Black=0.00 (flawless) .  OK:         	---       	Black=2} 1/2-1/2

[Event "4NCL Spring GM Round Robin 2024"]
[Site "Peterborough"]
[Date "2024.03.27"]
[Round "9.5"]
[White "Royal, Shreyas"]
[Black "Makkar, Rajat"]
[Result "0-1"]
[ECO "D46"]
[WhiteElo "2457"]
[BlackElo "2434"]
[Annotator "RC"]
[PlyCount "106"]
[EventDate "2024.03.22"]
[EventType "tourn"]
[EventCountry "ENG"]
[SourceTitle "playchess.com"]
[Source "ChessBase"]
[SourceQuality "1"]
[TimeControl "5400+30"]

1. d4 d5 2. c4 c6 3. Nf3 Nf6 4. Nc3 e6 5. e3 Nbd7 6. Qc2 Bd6 7. Be2 O-O 8. O-O dxc4 9. Bxc4 b5 10. Bd3 Bb7 11. a3 Rc8 12. b4 a5 13. Qb3 Ra8 14. Rb1 Qe7 15. e4 e5 16. Ne2 axb4 17. dxe5 Bxe5 18. axb4 c5 19. bxc5 Nxc5 20. Ba3 Nfxe4 21. Bxe4 Bxe4 22. Bxc5 Qxc5 23. Qxb5 Qxb5 24. Rxb5 Bf6 25. Rb3 Rfd8 26. h3 h5 27. Re1 Bc2 28. Rb5 g6 29. Nf4 Ba4 30. Rc5 Bb3 31. g4 hxg4 32. hxg4 Ra4 33. Re3 Bd1 34. Nd5 Rxg4+ 35. Kf1 Kg7 36. Nxf6 Kxf6 37. Ne5 Rf4 38. Rd3 Rxd3 39. Nxd3 Re4 40. Kg2 Be2 41. Nc1 Rg4+ 42. Kh3 Rc4 43. Nb3 Rf4 44. Kg2 g5 45. Rc3 Kg6 46. Nc5 Bc4 47. Re3 Rg4+ 48. Kf3 Rf4+ 49. Kg3 f5 50. Re8 Bd5 51. Rd8 Rf3+ 52. Kg2 Rd3+ 53. Kh2 Rd1 0-1